Nordiques vs Flames

Created - 27 décembre 2017 at 08:56

Goals
1 2 3 OT1 SO T
Nordiques 0 0 1 0 0 1
Flames 1 0 0 0 1 2
Shots
1 2 3 OT1 SO T
Nordiques 10 6 12 1 3 29
Flames 9 24 16 1 2 50

1st period

1. Flames , Anders Lee 8 (Sam Reinhart 18, Jeff Carter 21) at 11:39 (PP)

Penalties :
Derek MacKenzie (QUE) for Hooking (Minor) at 11:36

2nd period

No Goal

Penalties :
No Penalty

3rd period

2. Nordiques , Patrik Berglund 11 (Jaromir Jagr 9) at 1:40

Penalties :
Brad Richardson (CAL) for Holding (Minor) at 11:27, Jaromir Jagr (QUE) for Tripping (Minor) at 18:02

Overtime #1

No Goal

Penalties :
No Penalty

Shootout

Penalty Shot by Patrik Berglund for Nordiques - Stopped by Carey Price
Penalty Shot by Nick Bjugstad for Flames - Stopped by Roberto Luongo
Penalty Shot by Kyle Turris for Nordiques - Shot Misses the Net
Penalty Shot by Sam Reinhart for Flames - Goal!
Penalty Shot by Sebastian Aho for Nordiques - Shot Misses the Net

Penalties :
No Penalty

Goalie Stats

Roberto Luongo (QUE), 49 saves from 50 shots - (0,980), OTL, 19-8-3, 65:00 minutes
Carey Price (CAL), 28 saves from 29 shots - (0,966), W, 18-3-3, 65:00 minutes

Players Stats for Nordiques

Player Name              G  A  P  +/- PIM S  H  SB GA TA FO     MP     PP MP  PK MP  
------------------------------------------------------------------------------------
Alexander Wennberg       0  0  0   0  0   2  0  0  3  0  0/0    17:45   1:03   0:03 
Andrei Markov            0  0  0   1  0   0  1  0  0  0  0/0    25:11   0:58   1:05 
Connor Brown             0  0  0   1  0   1  0  0  1  1  0/1    16:52   0:00   1:02 
Derek MacKenzie          0  0  0   0  2   0  0  1  0  0  0/0     8:39   0:00   0:55 
Evander Kane             0  0  0   0  0   2  2  0  0  0  0/2    16:20   1:03   0:00 
Jakub Vrana              0  0  0   0  0   2  0  2  0  0  0/0     7:45   0:00   0:00 
Jamie Benn               0  0  0   0  0   6  0  0  1  1  1/2    20:02   0:56   0:03 
Jared Spurgeon           0  0  0   1  0   3  0  1  0  1  0/0    24:26   1:01   0:57 
Jaromir Jagr             0  1  1   1  2   1  0  2  0  0  2/2    16:09   0:00   0:00 
John-Michael Liles       0  0  0   0  0   1  0  0  0  1  0/0    14:52   0:00   0:00 
Kevin Klein              0  0  0   0  0   0  1  0  0  0  0/0    15:57   0:00   1:05 
Kyle Turris              0  0  0   0  0   3  1  0  1  0  9/22   17:52   1:03   0:00 
Luke Glendening          0  0  0   0  0   1  2  0  0  0  2/2     8:40   0:00   0:55 
Morgan Rielly            0  0  0   0  0   1  0  2  0  0  0/0    23:18   1:01   0:57 
Patrik Berglund          1  0  1   1  0   1  0  1  0  0  16/22  18:13   0:00   1:02 
Ryan O'Reilly            0  0  0   0  0   2  1  0  2  2  11/18  20:07   0:56   0:02 
Sebastian Aho            0  0  0   0  0   3  1  0  2  0  0/2    19:32   0:56   0:00 
Shayne Gostisbehere      0  0  0   0  0   0  1  0  0  1  0/0    22:04   0:58   0:00 

Players Stats for Flames

Player Name              G  A  P  +/- PIM S  H  SB GA TA FO     MP     PP MP  PK MP  
------------------------------------------------------------------------------------
Anders Lee               1  0  1   0  0   3  3  0  0  0  0/2    21:02   1:05   0:39 
Andrej Sustr             0  0  0   0  0   0  1  2  0  1  0/0    18:44   0:37   0:49 
Brad Richardson          0  0  0   0  2   4  1  0  0  0  7/19   14:40   0:00   0:00 
Brandon Manning          0  0  0  -1  0   0  1  0  0  0  0/0    15:34   0:00   0:00 
David Perron             0  0  0   0  0   7  0  1  0  1  0/2    18:09   0:55   1:11 
David Savard             0  0  0   0  0   2  2  1  1  1  0/0    23:07   0:37   0:49 
Drew Doughty             0  0  0   0  0   5  0  2  0  0  0/0    28:19   1:23   1:10 
Jeff Carter              0  1  1   0  0   6  4  0  2  1  15/28  20:37   1:05   0:00 
Kevan Miller             0  0  0  -1  0   3  1  0  1  2  0/0    16:51   0:00   1:10 
Michael Frolik           0  0  0  -1  0   2  0  0  0  1  0/0    18:16   0:00   1:07 
Nick Bjugstad            0  0  0   0  0   0  2  0  0  0  0/0     8:08   0:00   0:00 
Patrick Eaves            0  0  0  -1  0   1  0  1  1  0  0/3    17:58   0:55   0:00 
Patrick Sharp            0  0  0   0  0   4  0  0  0  1  0/0    14:42   0:00   0:00 
Pavel Zacha              0  0  0   0  0   2  1  0  0  0  1/1     9:09   0:00   1:01 
Sam Reinhart             0  1  1   0  0   7  1  0  0  1  1/3    20:11   1:05   0:00 
Tanner Kero              0  0  0   0  0   0  0  1  0  0  2/2     8:08   0:00   0:00 
Victor Hedman            0  0  0   0  0   3  2  1  1  1  0/0    22:50   1:23   0:00 
Victor Rask              0  0  0  -1  0   1  1  1  1  0  6/13   17:00   0:55   0:00 

3 Stars

1 - Roberto Luongo (QUE)
2 - Carey Price (CAL)
3 - Anders Lee (CAL)

Power Play

Nordiques - 0 on 1 Attempt(s) - 0,00%
Flames - 1 on 2 Attempt(s) - 50,00%

Penalty Kill

Nordiques - 1 on 2 Attempt(s) - 50,00% - Score 0 goal in Penalty Kill
Flames - 1 on 1 Attempt(s) - 100,00% - Score 0 goal in Penalty Kill

Team Stat

Nordiques - Hits : 10 - Faceoff Wins : 41 - Blocked Shots : 9 - Penalty Minutes : 4
Flames - Hits : 20 - Faceoff Wins : 32 - Blocked Shots : 10 - Penalty Minutes : 2

Official

Referees : Francois StLaurent and Jean Hebert
Linesman : Shandor Alphonso and Matt MacPherson

Game Notes

No Game Note

Finance

Level 1 -- Attendance: 4472 (74,53%) -- Ticket Income 447 200 $
Level 2 -- Attendance: 5000 (100,00%) -- Ticket Income 300 000 $
Level 3 -- Attendance: 1856 (92,80%) -- Ticket Income 64 960 $
Level 4 -- Attendance: 3993 (99,83%) -- Ticket Income 79 860 $
Luxury Box -- Attendance: 803 (80,30%) -- Ticket Income 160 600 $
Game was played at the Ghost Rider Center.
Total Attendance: 16124 (89,58%)
Total Ticket Income: 1 052 620 $
Other Income: 515 784 $
Total Income: 1 568 404 $

Nordiques

5 vs 5 Forward 
   Center                   Left Wing                Right Wing               Time % Phy DF OF 
 1 Ryan O'Reilly            Jamie Benn               Sebastian Aho            30     0   2  3  
 2 Kyle Turris              Evander Kane             Alexander Wennberg       30     0   2  3  
 3 Patrik Berglund          Jaromir Jagr             Connor Brown             30     0   2  3  
 4 Luke Glendening          Derek MacKenzie          Jakub Vrana              10     1   2  2  

5 vs 5 Defense 
   Defense                  Defense                                           Time % Phy DF OF 
 1 Andrei Markov            Jared Spurgeon                                    38     1   3  1  
 2 Morgan Rielly            Shayne Gostisbehere                               37     1   3  1  
 3 Kevin Klein              John-Michael Liles                                25     1   3  1  
 4 Andrei Markov            Jared Spurgeon                                    0      1   2  2  

PowerPlay Forward 
   Center                   Left Wing                Right Wing               Time % Phy DF OF 
 1 Ryan O'Reilly            Jamie Benn               Sebastian Aho            50     1   1  3  
 2 Kyle Turris              Evander Kane             Alexander Wennberg       50     1   1  3  

PowerPlay Defense
   Defense                  Defense                                           Time % Phy DF OF 
 1 Andrei Markov            Shayne Gostisbehere                               60     1   1  3  
 2 Morgan Rielly            Jared Spurgeon                                    40     1   1  3  

Penalty Kill 4 Players Forward 
   Center                   Wing                     Time % Phy DF OF 
 1 Patrik Berglund          Connor Brown             50     1   3  1  
 2 Luke Glendening          Derek MacKenzie          50     1   3  1  

Penalty Kill 4 Players Defense
   Defense                  Defense                  Time % Phy DF OF 
 1 Morgan Rielly            Jared Spurgeon           50     1   3  1  
 2 Andrei Markov            Kevin Klein              50     1   3  1  

Penalty Kill - 3 Players Forward 
   Forward                                           Time % Phy DF OF 
 1 Ryan O'Reilly                                     50     0   3  2  
 2 Patrik Berglund                                   50     0   3  2  

Penalty Kill - 3 Players Defense
   Defense                  Defense                  Time % Phy DF OF 
 1 Morgan Rielly            Jared Spurgeon           50     1   3  1  
 2 Andrei Markov            Kevin Klein              50     1   3  1  

4 vs 4 Forward 
   Center                   Wing                     Time % Phy DF OF 
 1 Ryan O'Reilly            Jamie Benn               50     0   2  3  
 2 Kyle Turris              Alexander Wennberg       50     0   3  2  

4 vs 4 Defense
   Defense                  Defense                  Time % Phy DF OF 
 1 Andrei Markov            Jared Spurgeon           50     1   3  1  
 2 Morgan Rielly            Shayne Gostisbehere      50     1   3  1  

Last Minutes Offensive
   Center                   Left Wing                Right Wing               Defense                  Defense                  
   Ryan O'Reilly            Jamie Benn               Sebastian Aho            Andrei Markov            Shayne Gostisbehere      

Last Minutes Defensive
   Center                   Left Wing                Right Wing               Defense                  Defense                  
   Ryan O'Reilly            Jamie Benn               Sebastian Aho            Morgan Rielly            Jared Spurgeon           

Goaltenders
Starting : Roberto Luongo           
Backup : Jonathan Bernier         

Extra Forwards
Normal : Evander Kane, Ryan O'Reilly, Jamie Benn - PP : Jaromir Jagr, Patrik Berglund - PK : Jamie Benn
Extra Defensemen
Normal : John-Michael Liles, Kevin Klein, Shayne Gostisbehere - PP : John-Michael Liles - PK : John-Michael Liles, Shayne Gostisbehere
Penalty Shots
Patrik Berglund, Kyle Turris, Sebastian Aho, Jamie Benn, Ryan O'Reilly
Custom OT Lines Forwards
Jamie Benn, Ryan O'Reilly, Kyle Turris, Alexander Wennberg, Patrik Berglund, Sebastian Aho, Evander Kane, Jaromir Jagr, Connor Brown, Luke Glendening
Custom OT Lines Defensemen
Andrei Markov, Jared Spurgeon, Morgan Rielly, Shayne Gostisbehere, Kevin Klein

Scratches
Tom Gilbert (Healthy), Paul Carey (Healthy)

Flames

5 vs 5 Forward 
   Center                   Left Wing                Right Wing               Time % Phy DF OF 
 1 Jeff Carter              Anders Lee               Sam Reinhart             35     0   1  4  
 2 Victor Rask              Michael Frolik           Patrick Eaves            31     0   2  3  
 3 Brad Richardson          David Perron             Patrick Sharp            27     0   2  3  
 4 Tanner Kero              Pavel Zacha              Nick Bjugstad            7      1   3  1  

5 vs 5 Defense 
   Defense                  Defense                                           Time % Phy DF OF 
 1 Drew Doughty             David Savard                                      38     0   3  2  
 2 Victor Hedman            Andrej Sustr                                      30     0   3  2  
 3 Kevan Miller             Brandon Manning                                   27     0   4  1  
 4 Drew Doughty             Victor Hedman                                     5      0   2  3  

PowerPlay Forward 
   Center                   Left Wing                Right Wing               Time % Phy DF OF 
 1 Jeff Carter              Anders Lee               Sam Reinhart             60     0   0  5  
 2 Victor Rask              David Perron             Patrick Eaves            40     0   0  5  

PowerPlay Defense
   Defense                  Defense                                           Time % Phy DF OF 
 1 Victor Hedman            Drew Doughty                                      65     0   1  4  
 2 Andrej Sustr             David Savard                                      35     0   1  4  

Penalty Kill 4 Players Forward 
   Center                   Wing                     Time % Phy DF OF 
 1 Brad Richardson          Michael Frolik           60     0   4  1  
 2 Tanner Kero              Pavel Zacha              40     0   4  1  

Penalty Kill 4 Players Defense
   Defense                  Defense                  Time % Phy DF OF 
 1 David Savard             Andrej Sustr             60     1   4  0  
 2 Kevan Miller             Drew Doughty             40     1   4  0  

Penalty Kill - 3 Players Forward 
   Forward                                           Time % Phy DF OF 
 1 Brad Richardson                                   60     0   5  0  
 2 Michael Frolik                                    40     0   5  0  

Penalty Kill - 3 Players Defense
   Defense                  Defense                  Time % Phy DF OF 
 1 Andrej Sustr             David Savard             60     0   5  0  
 2 Drew Doughty             Kevan Miller             40     0   5  0  

4 vs 4 Forward 
   Center                   Wing                     Time % Phy DF OF 
 1 Jeff Carter              Anders Lee               60     0   1  4  
 2 Sam Reinhart             Patrick Eaves            40     0   1  4  

4 vs 4 Defense
   Defense                  Defense                  Time % Phy DF OF 
 1 Drew Doughty             Victor Hedman            60     0   3  2  
 2 Andrej Sustr             David Savard             40     0   3  2  

Last Minutes Offensive
   Center                   Left Wing                Right Wing               Defense                  Defense                  
   Jeff Carter              Anders Lee               Sam Reinhart             Drew Doughty             Victor Hedman            

Last Minutes Defensive
   Center                   Left Wing                Right Wing               Defense                  Defense                  
   Brad Richardson          Tanner Kero              Michael Frolik           Andrej Sustr             David Savard             

Goaltenders
Starting : Carey Price              
Backup : Curtis McElhinney        

Extra Forwards
Normal : Jeff Carter, David Perron, Sam Reinhart - PP : Michael Frolik, Brad Richardson - PK : David Perron
Extra Defensemen
Normal : Drew Doughty, Victor Hedman, David Savard - PP : Andrej Sustr - PK : Brandon Manning, Victor Hedman
Penalty Shots
Nick Bjugstad, Sam Reinhart, David Perron, Patrick Sharp, Jeff Carter
Custom OT Lines Forwards
Jeff Carter, Anders Lee, Sam Reinhart, Michael Frolik, Patrick Eaves, David Perron, Victor Rask, Patrick Sharp, Brad Richardson, Nick Bjugstad
Custom OT Lines Defensemen
Drew Doughty, Victor Hedman, David Savard, Andrej Sustr, Kevan Miller

Scratches
Dennis Rasmussen (Healthy), Matt Bartkowski (Healthy)

% Time on Ice - Nordiques

Lines # - Real PCT - Wanted PCT - Time Play
Normal Forward
1 - 31% - 30% - 17:17
2 - 27% - 30% - 15:09
3 - 28% - 30% - 15:50
4 - 14% - 10% - 7:45
Normal Defense
1 - 38% - 38% - 21:09
2 - 36% - 37% - 20:00
3 - 27% - 25% - 14:52
4 - 0% - 0% - 0:00
PP Forward
1 - 47% - 50% - 0:56
2 - 53% - 50% - 1:03
PP Defense
1 - 49% - 60% - 0:58
2 - 51% - 40% - 1:01
PK Forward
1 - 52% - 50% - 1:02
2 - 48% - 50% - 0:58
PK Defense
1 - 46% - 50% - 0:55
2 - 54% - 50% - 1:05
PK3 Forward
1 - 100% - 50% - 0:02
2 - 0% - 50% - 0:00
PK3 Defense
1 - 100% - 50% - 0:02
2 - 0% - 50% - 0:00
44 Forward
1 - 0% - 50%
2 - 0% - 50%
44 Defense
1 - 0% - 50%
2 - 0% - 50%
Last Minute Offensive  - 0:00
Last Minute Defensive  - 0:00
Total
Forward - 60:02
Defense - 60:02

% Time on Ice - Flames

Lines # - Real PCT - Wanted PCT - Time Play
Normal Forward
1 - 31% - 35% - 17:22
2 - 28% - 31% - 15:57
3 - 26% - 27% - 14:34
4 - 15% - 7% - 8:08
Normal Defense
1 - 36% - 38% - 20:22
2 - 31% - 30% - 17:25
3 - 28% - 27% - 15:34
4 - 5% - 5% - 2:40
PP Forward
1 - 54% - 60% - 1:05
2 - 46% - 40% - 0:55
PP Defense
1 - 69% - 65% - 1:23
2 - 31% - 35% - 0:37
PK Forward
1 - 100% - 60% - 1:59
2 - 0% - 40% - 0:00
PK Defense
1 - 41% - 60% - 0:49
2 - 59% - 40% - 1:10
PK3 Forward
1 - 0% - 60%
2 - 0% - 40%
PK3 Defense
1 - 0% - 60%
2 - 0% - 40%
44 Forward
1 - 100% - 60% - 0:02
2 - 0% - 40% - 0:00
44 Defense
1 - 100% - 60% - 0:02
2 - 0% - 40% - 0:00
Last Minute Offensive  - 0:00
Last Minute Defensive  - 0:00
Total
Forward - 60:02
Defense - 60:02

Play by Play

1st period


0:01 of 1st period - Jeff Carter wins face-off versus Ryan O'Reilly in neutral zone.
1:09 of 1st period - Derek MacKenzie is hit by Pavel Zacha and loses puck.
1:34 of 1st period - Snap shot by Ryan O'Reilly.
1:34 of 1st period - Stopped by Carey Price with a rebound.
1:36 of 1st period - Slapshot by Morgan Rielly.
1:36 of 1st period - Shot Blocked by Andrej Sustr.
1:38 of 1st period - Wrist shot by Jamie Benn.
1:38 of 1st period - Shot Blocked by Andrej Sustr.
2:24 of 1st period - Wrist shot by Jakub Vrana.
2:24 of 1st period - Shot Blocked by Victor Hedman.
2:42 of 1st period - Snap shot by David Perron.
2:42 of 1st period - Shot Blocked by Jared Spurgeon.
3:18 of 1st period - Jared Spurgeon is hit by Kevan Miller and loses puck.
4:29 of 1st period - Slapshot by Pavel Zacha.
4:29 of 1st period - Stopped by Roberto Luongo without a rebound.
4:30 of 1st period - Tanner Kero wins face-off versus Sebastian Aho in Nordiques zone.
5:03 of 1st period - Tanner Kero is hit by Ryan O'Reilly and loses puck.
5:28 of 1st period - Snap shot by Jamie Benn.
5:28 of 1st period - Stopped by Carey Price with a rebound.
5:30 of 1st period - Snap shot by Jamie Benn.
5:30 of 1st period - Stopped by Carey Price without a rebound.
5:31 of 1st period - Kyle Turris wins face-off versus Jeff Carter in Flames zone.
6:05 of 1st period - Wrist shot by Luke Glendening.
6:05 of 1st period - Stopped by Carey Price with a rebound.
6:07 of 1st period - Wrist shot by Jakub Vrana.
6:07 of 1st period - Stopped by Carey Price without a rebound.
6:08 of 1st period - Brad Richardson wins face-off versus Kyle Turris in Flames zone.
6:21 of 1st period - Snap shot by Brad Richardson.
6:21 of 1st period - Stopped by Roberto Luongo without a rebound.
6:22 of 1st period - Jaromir Jagr wins face-off versus Victor Rask in Nordiques zone.
6:48 of 1st period - Andrej Sustr is hit by Kyle Turris and loses puck.
6:52 of 1st period - Icing by Brad Richardson.
6:53 of 1st period - Kyle Turris wins face-off versus Brad Richardson in Flames zone.
7:09 of 1st period - Wrist shot by Alexander Wennberg.
7:09 of 1st period - Shot Blocked by Drew Doughty.
7:11 of 1st period - Slapshot by Jared Spurgeon.
7:11 of 1st period - Stopped by Carey Price with a rebound.
7:13 of 1st period - Slapshot by Evander Kane.
7:13 of 1st period - Stopped by Carey Price with a rebound.
7:15 of 1st period - Wrist shot by Evander Kane.
7:15 of 1st period - Stopped by Carey Price without a rebound.
7:16 of 1st period - Patrik Berglund wins face-off versus Patrick Eaves in Flames zone.
8:28 of 1st period - Wrist shot by Patrik Berglund.
8:28 of 1st period - Shot Misses the Net.
8:30 of 1st period - Slapshot by Jared Spurgeon.
8:30 of 1st period - Deflect By Jaromir Jagr.
8:30 of 1st period - Shot Hit the Post.
8:30 of 1st period - Puck is out of play.
8:31 of 1st period - Victor Rask wins face-off versus Patrik Berglund in Flames zone.
9:25 of 1st period - Slapshot by Alexander Wennberg.
9:25 of 1st period - Stopped by Carey Price without a rebound.
9:26 of 1st period - Ryan O'Reilly wins face-off versus Patrick Eaves in Flames zone.
10:20 of 1st period - Snap shot by Jaromir Jagr.
10:20 of 1st period - Deflect By Patrik Berglund.
10:20 of 1st period - Shot Misses the Net.
10:20 of 1st period - Puck is out of play.
10:21 of 1st period - Patrik Berglund wins face-off versus Jeff Carter in Flames zone.
10:22 of 1st period - Snap shot by Connor Brown.
10:22 of 1st period - Deflect By Patrik Berglund.
10:22 of 1st period - Shot Misses the Net.
10:22 of 1st period - Puck is out of play.
10:23 of 1st period - Kyle Turris wins face-off versus Victor Rask in Flames zone.
10:26 of 1st period - Snap shot by Kyle Turris.
10:26 of 1st period - Shot Misses the Net.
10:57 of 1st period - Snap shot by Anders Lee.
10:57 of 1st period - Shot Blocked by Morgan Rielly.
11:33 of 1st period - Icing by Patrick Sharp.
11:34 of 1st period - Luke Glendening wins face-off versus Brad Richardson in Flames zone.
11:36 of 1st period - Minor Penalty to Derek MacKenzie for Hooking.
11:37 of 1st period - Jeff Carter wins face-off versus Connor Brown in Nordiques zone.
11:37 of 1st period - Slapshot by Sam Reinhart.
11:37 of 1st period - Stopped by Roberto Luongo with a rebound.
11:39 of 1st period - Snap shot by Anders Lee.
11:39 of 1st period - Goal by Anders Lee - Nordiques : 0 - Flames : 1.
11:40 of 1st period - Victor Rask wins face-off versus Jamie Benn in neutral zone.
12:06 of 1st period - Evander Kane is hit by Jeff Carter and loses puck.
12:33 of 1st period - Snap shot by Brad Richardson.
12:33 of 1st period - Stopped by Roberto Luongo with a rebound.
12:35 of 1st period - Slapshot by Kevan Miller.
12:35 of 1st period - Stopped by Roberto Luongo without a rebound.
12:36 of 1st period - Ryan O'Reilly wins face-off versus Sam Reinhart in Nordiques zone.
12:43 of 1st period - Snap shot by Sam Reinhart.
12:43 of 1st period - Stopped by Roberto Luongo with a rebound.
12:58 of 1st period - Icing by Ryan O'Reilly.
12:59 of 1st period - Ryan O'Reilly wins face-off versus Victor Rask in Nordiques zone.
13:10 of 1st period - Victor Rask is hit by Evander Kane.
13:26 of 1st period - Patrik Berglund is hit by Victor Hedman and loses puck.
13:35 of 1st period - Snap shot by Sam Reinhart.
13:35 of 1st period - Stopped by Roberto Luongo without a rebound.
13:36 of 1st period - Ryan O'Reilly wins face-off versus Brad Richardson in Nordiques zone.
15:26 of 1st period - Jamie Benn is hit by Victor Hedman and loses puck.
15:33 of 1st period - Ryan O'Reilly is hit by Anders Lee and loses puck.
16:57 of 1st period - Off-side.
16:58 of 1st period - Brad Richardson wins face-off versus Kyle Turris in neutral zone.
18:13 of 1st period - David Savard is hit by Sebastian Aho and loses puck.
18:38 of 1st period - Wrist shot by Drew Doughty.
18:38 of 1st period - Stopped by Roberto Luongo without a rebound.
18:39 of 1st period - Patrik Berglund wins face-off versus Jeff Carter in Nordiques zone.
19:04 of 1st period - Victor Hedman is hit by Shayne Gostisbehere and loses puck.
19:11 of 1st period - Slapshot by Sebastian Aho.
19:11 of 1st period - Stopped by Carey Price without a rebound.
19:12 of 1st period - Jeff Carter wins face-off versus Kyle Turris in Flames zone.
19:20 of 1st period - Snap shot by Alexander Wennberg.
19:20 of 1st period - Shot Misses the Net.
19:22 of 1st period - Snap shot by Evander Kane.
19:22 of 1st period - Shot Blocked by Drew Doughty.
19:24 of 1st period - Wrist shot by Evander Kane.
19:24 of 1st period - Shot Misses the Net.
19:26 of 1st period - Snap shot by Kyle Turris.
19:26 of 1st period - Shot Misses the Net.
19:28 of 1st period - Slapshot by Evander Kane.
19:28 of 1st period - Shot Misses the Net.
19:59 of 1st period - Icing by David Savard.
Goals for this period are 0 for Nordiques vs 1 for Flames.
Shots for this period are 10 for Nordiques vs 9 for Flames.

2nd period


0:01 of 2nd period - Patrik Berglund wins face-off versus Brad Richardson in neutral zone.
0:04 of 2nd period - Slapshot by Connor Brown.
0:04 of 2nd period - Stopped by Carey Price without a rebound.
0:05 of 2nd period - Patrik Berglund wins face-off versus David Perron in Flames zone.
0:06 of 2nd period - Wrist shot by Jaromir Jagr.
0:06 of 2nd period - Shot Misses the Net.
0:18 of 2nd period - Wrist shot by Victor Hedman.
0:18 of 2nd period - Shot Misses the Net.
0:20 of 2nd period - Slapshot by David Perron.
0:20 of 2nd period - Stopped by Roberto Luongo with a rebound.
1:27 of 2nd period - Brandon Manning is hit by Luke Glendening and loses puck.
1:46 of 2nd period - Slapshot by David Perron.
1:46 of 2nd period - Stopped by Roberto Luongo with a rebound.
1:48 of 2nd period - Slapshot by Kevan Miller.
1:48 of 2nd period - Deflect By Patrick Sharp.
1:48 of 2nd period - Shot Misses the Net.
1:48 of 2nd period - Puck is out of play.
1:49 of 2nd period - Jeff Carter wins face-off versus Evander Kane in Nordiques zone.
2:35 of 2nd period - Wrist shot by Jamie Benn.
2:35 of 2nd period - Stopped by Carey Price without a rebound.
2:36 of 2nd period - Jamie Benn wins face-off versus Brad Richardson in Flames zone.
2:43 of 2nd period - Snap shot by Sebastian Aho.
2:43 of 2nd period - Stopped by Carey Price without a rebound.
2:44 of 2nd period - Jeff Carter wins face-off versus Kyle Turris in Flames zone.
3:32 of 2nd period - Wrist shot by Michael Frolik.
3:32 of 2nd period - Stopped by Roberto Luongo without a rebound.
3:33 of 2nd period - Patrik Berglund wins face-off versus Brad Richardson in Nordiques zone.
3:46 of 2nd period - Wrist shot by Patrik Berglund.
3:46 of 2nd period - Deflect By Jaromir Jagr.
3:46 of 2nd period - Shot Misses the Net.
3:46 of 2nd period - Puck is out of play.
3:47 of 2nd period - Kyle Turris wins face-off versus Jeff Carter in Flames zone.
3:56 of 2nd period - Slapshot by Victor Hedman.
3:56 of 2nd period - Stopped by Roberto Luongo with a rebound.
4:02 of 2nd period - Snap shot by Sam Reinhart.
4:02 of 2nd period - Stopped by Roberto Luongo with a rebound.
4:12 of 2nd period - Connor Brown is hit by Brad Richardson and loses puck.
4:17 of 2nd period - Snap shot by David Perron.
4:17 of 2nd period - Stopped by Roberto Luongo without a rebound.
4:18 of 2nd period - Victor Rask wins face-off versus Ryan O'Reilly in Nordiques zone.
4:29 of 2nd period - Snap shot by Patrick Eaves.
4:29 of 2nd period - Shot Misses the Net.
4:31 of 2nd period - Backhand shot by David Savard.
4:31 of 2nd period - Stopped by Roberto Luongo without a rebound.
4:32 of 2nd period - Jeff Carter wins face-off versus Kyle Turris in Nordiques zone.
4:35 of 2nd period - Snap shot by Jeff Carter.
4:35 of 2nd period - Deflect By Sam Reinhart.
4:35 of 2nd period - Stopped by Roberto Luongo with a rebound.
4:37 of 2nd period - Snap shot by Sam Reinhart.
4:37 of 2nd period - Shot Misses the Net.
4:39 of 2nd period - Slapshot by Victor Hedman.
4:39 of 2nd period - Deflect By Kyle Turris.
4:39 of 2nd period - Stopped by Roberto Luongo without a rebound.
4:40 of 2nd period - Kyle Turris wins face-off versus Jeff Carter in Nordiques zone.
4:51 of 2nd period - Backhand shot by Jeff Carter.
4:51 of 2nd period - Stopped by Roberto Luongo without a rebound.
4:52 of 2nd period - Patrik Berglund wins face-off versus Brad Richardson in Nordiques zone.
5:03 of 2nd period - Wrist shot by Jaromir Jagr.
5:03 of 2nd period - Shot Blocked by David Perron.
5:26 of 2nd period - Snap shot by Victor Rask.
5:26 of 2nd period - Shot Misses the Net.
5:40 of 2nd period - Sam Reinhart is hit by Evander Kane and loses puck.
6:07 of 2nd period - Connor Brown is hit by Anders Lee.
6:36 of 2nd period - Snap shot by Jeff Carter.
6:36 of 2nd period - Shot Misses the Net.
6:38 of 2nd period - Slapshot by Brandon Manning.
6:38 of 2nd period - Shot Blocked by Jakub Vrana.
6:40 of 2nd period - Slapshot by Kevan Miller.
6:40 of 2nd period - Shot Blocked by Jakub Vrana.
6:42 of 2nd period - Snap shot by Anders Lee.
6:42 of 2nd period - Shot Misses the Net.
7:02 of 2nd period - Wrist shot by Sam Reinhart.
7:02 of 2nd period - Shot Misses the Net.
7:04 of 2nd period - Slapshot by Kevan Miller.
7:04 of 2nd period - Stopped by Roberto Luongo with a rebound.
7:06 of 2nd period - Snap shot by Anders Lee.
7:06 of 2nd period - Shot Blocked by Derek MacKenzie.
7:08 of 2nd period - Wrist shot by Jeff Carter.
7:08 of 2nd period - Shot Misses the Net.
7:10 of 2nd period - Wrist shot by Jeff Carter.
7:10 of 2nd period - Stopped by Roberto Luongo with a rebound.
7:12 of 2nd period - Slapshot by Kevan Miller.
7:12 of 2nd period - Shot Misses the Net.
7:14 of 2nd period - Wrist shot by Jeff Carter.
7:14 of 2nd period - Shot Misses the Net.
7:16 of 2nd period - Wrist shot by Jeff Carter.
7:16 of 2nd period - Stopped by Roberto Luongo with a rebound.
7:36 of 2nd period - Backhand shot by Jeff Carter.
7:36 of 2nd period - Deflect By Anders Lee.
7:36 of 2nd period - Stopped by Roberto Luongo without a rebound.
7:37 of 2nd period - Ryan O'Reilly wins face-off versus Victor Rask in Nordiques zone.
7:37 of 2nd period - Ryan O'Reilly is hit by Victor Rask.
7:48 of 2nd period - Wrist shot by Michael Frolik.
7:48 of 2nd period - Shot Misses the Net.
8:20 of 2nd period - Icing by Victor Hedman.
8:21 of 2nd period - Brad Richardson wins face-off versus Kyle Turris in Flames zone.
8:52 of 2nd period - Slapshot by Patrick Eaves.
8:52 of 2nd period - Stopped by Roberto Luongo with a rebound.
9:13 of 2nd period - Icing by Patrik Berglund.
9:14 of 2nd period - Patrik Berglund wins face-off versus Brad Richardson in Nordiques zone.
9:22 of 2nd period - Off-side.
9:23 of 2nd period - Brad Richardson wins face-off versus Evander Kane in neutral zone.
9:33 of 2nd period - Snap shot by Alexander Wennberg.
9:33 of 2nd period - Shot Misses the Net.
9:35 of 2nd period - Wrist shot by Kyle Turris.
9:35 of 2nd period - Deflect By Alexander Wennberg.
9:35 of 2nd period - Shot Misses the Net.
9:35 of 2nd period - Puck is out of play.
9:36 of 2nd period - Victor Rask wins face-off versus Sebastian Aho in Flames zone.
10:09 of 2nd period - Backhand shot by Drew Doughty.
10:09 of 2nd period - Shot Blocked by Jaromir Jagr.
11:13 of 2nd period - Snap shot by Ryan O'Reilly.
11:13 of 2nd period - Deflect By Sebastian Aho.
11:13 of 2nd period - Shot Blocked by Patrick Eaves.
11:13 of 2nd period - Puck is out of play.
11:14 of 2nd period - Brad Richardson wins face-off versus Patrik Berglund in Flames zone.
11:27 of 2nd period - Snap shot by Patrick Sharp.
11:27 of 2nd period - Stopped by Roberto Luongo with a rebound.
11:29 of 2nd period - Snap shot by Brad Richardson.
11:29 of 2nd period - Stopped by Roberto Luongo without a rebound.
11:30 of 2nd period - Kyle Turris wins face-off versus Victor Rask in Nordiques zone.
12:00 of 2nd period - Snap shot by Sebastian Aho.
12:00 of 2nd period - Stopped by Carey Price without a rebound.
12:01 of 2nd period - Ryan O'Reilly wins face-off versus Jeff Carter in Flames zone.
12:08 of 2nd period - Slapshot by Jamie Benn.
12:08 of 2nd period - Stopped by Carey Price without a rebound.
12:09 of 2nd period - Patrik Berglund wins face-off versus Victor Rask in Flames zone.
12:12 of 2nd period - Slapshot by Patrik Berglund.
12:12 of 2nd period - Shot Misses the Net.
13:14 of 2nd period - Slapshot by Drew Doughty.
13:14 of 2nd period - Shot Misses the Net.
13:16 of 2nd period - Snap shot by David Perron.
13:16 of 2nd period - Stopped by Roberto Luongo without a rebound.
13:17 of 2nd period - Victor Rask wins face-off versus Kyle Turris in Nordiques zone.
14:02 of 2nd period - John-Michael Liles is hit by Brandon Manning and loses puck.
14:39 of 2nd period - Snap shot by Patrick Eaves.
14:39 of 2nd period - Shot Misses the Net.
14:47 of 2nd period - Wrist shot by Kyle Turris.
14:47 of 2nd period - Shot Blocked by Victor Rask.
15:05 of 2nd period - Off-side.
15:06 of 2nd period - Jeff Carter wins face-off versus Patrik Berglund in neutral zone.
15:31 of 2nd period - Slapshot by Victor Hedman.
15:31 of 2nd period - Deflect By Jared Spurgeon.
15:31 of 2nd period - Stopped by Roberto Luongo with a rebound.
16:21 of 2nd period - Off-side.
16:22 of 2nd period - Brad Richardson wins face-off versus Ryan O'Reilly in neutral zone.
16:25 of 2nd period - Slapshot by Drew Doughty.
16:25 of 2nd period - Stopped by Roberto Luongo with a rebound.
16:27 of 2nd period - Snap shot by David Perron.
16:27 of 2nd period - Stopped by Roberto Luongo with a rebound.
16:29 of 2nd period - Snap shot by Brad Richardson.
16:29 of 2nd period - Stopped by Roberto Luongo with a rebound.
16:31 of 2nd period - Slapshot by David Savard.
16:31 of 2nd period - Stopped by Roberto Luongo without a rebound.
16:32 of 2nd period - Ryan O'Reilly wins face-off versus Brad Richardson in Nordiques zone.
17:27 of 2nd period - Slapshot by Drew Doughty.
17:27 of 2nd period - Shot Misses the Net.
17:29 of 2nd period - Snap shot by Patrick Sharp.
17:29 of 2nd period - Stopped by Roberto Luongo without a rebound.
17:30 of 2nd period - Patrik Berglund wins face-off versus Anders Lee in Nordiques zone.
17:35 of 2nd period - Slapshot by Jared Spurgeon.
17:35 of 2nd period - Stopped by Carey Price without a rebound.
17:36 of 2nd period - Patrik Berglund wins face-off versus Jeff Carter in Flames zone.
17:47 of 2nd period - Patrik Berglund is hit by Jeff Carter and loses puck.
19:28 of 2nd period - Icing by Andrei Markov.
19:29 of 2nd period - Tanner Kero wins face-off versus Kyle Turris in Nordiques zone.
Goals for this period are 0 for Nordiques vs 0 for Flames.
Shots for this period are 6 for Nordiques vs 24 for Flames.

3rd period


0:01 of 3rd period - Jeff Carter wins face-off versus Patrik Berglund in neutral zone.
0:06 of 3rd period - Snap shot by Drew Doughty.
0:06 of 3rd period - Stopped by Roberto Luongo without a rebound.
0:07 of 3rd period - Sam Reinhart wins face-off versus Patrik Berglund in Nordiques zone.
0:18 of 3rd period - Snap shot by Drew Doughty.
0:18 of 3rd period - Stopped by Roberto Luongo without a rebound.
0:19 of 3rd period - Jeff Carter wins face-off versus Ryan O'Reilly in Nordiques zone.
0:48 of 3rd period - Slapshot by Victor Rask.
0:48 of 3rd period - Shot Blocked by Morgan Rielly.
0:50 of 3rd period - Wrist shot by Victor Hedman.
0:50 of 3rd period - Shot Blocked by Patrik Berglund.
0:52 of 3rd period - Slapshot by Victor Hedman.
0:52 of 3rd period - Deflect By Victor Rask.
0:52 of 3rd period - Stopped by Roberto Luongo without a rebound.
0:53 of 3rd period - Patrik Berglund wins face-off versus Victor Rask in Nordiques zone.
1:02 of 3rd period - Snap shot by Patrick Eaves.
1:02 of 3rd period - Deflect By Michael Frolik.
1:02 of 3rd period - Shot Misses the Net.
1:02 of 3rd period - Puck is out of play.
1:03 of 3rd period - Victor Rask wins face-off versus Patrik Berglund in Nordiques zone.
1:06 of 3rd period - Snap shot by Michael Frolik.
1:06 of 3rd period - Shot Blocked by Jaromir Jagr.
1:40 of 3rd period - Wrist shot by Patrik Berglund.
1:40 of 3rd period - Deflect By Brandon Manning.
1:40 of 3rd period - Goal by Patrik Berglund - Nordiques : 1 - Flames : 1.
1:41 of 3rd period - Jeff Carter wins face-off versus Ryan O'Reilly in neutral zone.
2:10 of 3rd period - Slapshot by Ryan O'Reilly.
2:10 of 3rd period - Shot Misses the Net.
2:12 of 3rd period - Wrist shot by Kyle Turris.
2:12 of 3rd period - Stopped by Carey Price with a rebound.
2:14 of 3rd period - Slapshot by Kyle Turris.
2:14 of 3rd period - Stopped by Carey Price with a rebound.
2:16 of 3rd period - Snap shot by Kyle Turris.
2:16 of 3rd period - Stopped by Carey Price without a rebound.
2:17 of 3rd period - Kyle Turris wins face-off versus Brad Richardson in Flames zone.
2:18 of 3rd period - Snap shot by Alexander Wennberg.
2:18 of 3rd period - Stopped by Carey Price with a rebound.
2:20 of 3rd period - Wrist shot by Evander Kane.
2:20 of 3rd period - Shot Misses the Net.
2:22 of 3rd period - Slapshot by John-Michael Liles.
2:22 of 3rd period - Stopped by Carey Price without a rebound.
2:23 of 3rd period - Brad Richardson wins face-off versus Ryan O'Reilly in Flames zone.
2:36 of 3rd period - Off-side.
2:37 of 3rd period - Kyle Turris wins face-off versus Jeff Carter in neutral zone.
3:09 of 3rd period - Slapshot by Michael Frolik.
3:09 of 3rd period - Stopped by Roberto Luongo with a rebound.
3:29 of 3rd period - Wrist shot by Connor Brown.
3:29 of 3rd period - Shot Misses the Net.
4:22 of 3rd period - Slapshot by Drew Doughty.
4:22 of 3rd period - Stopped by Roberto Luongo with a rebound.
4:50 of 3rd period - Snap shot by Ryan O'Reilly.
4:50 of 3rd period - Shot Blocked by Tanner Kero.
4:56 of 3rd period - Jamie Benn is hit by Nick Bjugstad.
5:15 of 3rd period - Tanner Kero is hit by Kevin Klein and loses puck.
5:36 of 3rd period - Wrist shot by Nick Bjugstad.
5:36 of 3rd period - Deflect By Pavel Zacha.
5:36 of 3rd period - Stopped by Roberto Luongo without a rebound.
5:37 of 3rd period - Jeff Carter wins face-off versus Kyle Turris in Nordiques zone.
6:02 of 3rd period - Kyle Turris is hit by David Savard and loses puck.
6:09 of 3rd period - Snap shot by David Perron.
6:09 of 3rd period - Stopped by Roberto Luongo with a rebound.
6:55 of 3rd period - Anders Lee is hit by Luke Glendening and loses puck.
7:06 of 3rd period - Snap shot by Jeff Carter.
7:06 of 3rd period - Stopped by Roberto Luongo without a rebound.
7:07 of 3rd period - Patrik Berglund wins face-off versus Brad Richardson in Nordiques zone.
7:40 of 3rd period - Snap shot by Jakub Vrana.
7:40 of 3rd period - Deflect By Sam Reinhart.
7:40 of 3rd period - Stopped by Carey Price without a rebound.
7:41 of 3rd period - Kyle Turris wins face-off versus Anders Lee in Flames zone.
8:25 of 3rd period - Wrist shot by Patrick Sharp.
8:25 of 3rd period - Deflect By David Perron.
8:25 of 3rd period - Stopped by Roberto Luongo with a rebound.
8:44 of 3rd period - Slapshot by Jaromir Jagr.
8:44 of 3rd period - Stopped by Carey Price with a rebound.
8:46 of 3rd period - Wrist shot by Shayne Gostisbehere.
8:46 of 3rd period - Deflect By Jamie Benn.
8:46 of 3rd period - Stopped by Carey Price with a rebound.
8:48 of 3rd period - Snap shot by Morgan Rielly.
8:48 of 3rd period - Stopped by Carey Price with a rebound.
8:50 of 3rd period - Snap shot by Ryan O'Reilly.
8:50 of 3rd period - Stopped by Carey Price without a rebound.
8:51 of 3rd period - Ryan O'Reilly wins face-off versus Patrick Eaves in Flames zone.
9:16 of 3rd period - Jeff Carter is hit by Andrei Markov.
9:24 of 3rd period - Ryan O'Reilly is hit by David Savard.
10:22 of 3rd period - Slapshot by Patrick Sharp.
10:22 of 3rd period - Stopped by Roberto Luongo without a rebound.
10:23 of 3rd period - Jeff Carter wins face-off versus Kyle Turris in Nordiques zone.
10:24 of 3rd period - Snap shot by Anders Lee.
10:24 of 3rd period - Stopped by Roberto Luongo with a rebound.
10:26 of 3rd period - Slapshot by Kevan Miller.
10:26 of 3rd period - Deflect By Jeff Carter.
10:26 of 3rd period - Stopped by Roberto Luongo without a rebound.
10:27 of 3rd period - Jeff Carter wins face-off versus Kyle Turris in Nordiques zone.
10:28 of 3rd period - Wrist shot by Sam Reinhart.
10:28 of 3rd period - Stopped by Roberto Luongo with a rebound.
10:30 of 3rd period - Slapshot by Kevan Miller.
10:30 of 3rd period - Stopped by Roberto Luongo without a rebound.
10:31 of 3rd period - Jeff Carter wins face-off versus Kyle Turris in Nordiques zone.
11:16 of 3rd period - Wrist shot by Andrei Markov.
11:16 of 3rd period - Shot Blocked by David Savard.
11:27 of 3rd period - Minor Penalty to Brad Richardson for Holding.
11:28 of 3rd period - Ryan O'Reilly wins face-off versus David Perron in Flames zone.
12:29 of 3rd period - Snap shot by Jared Spurgeon.
12:29 of 3rd period - Deflect By Alexander Wennberg.
12:29 of 3rd period - Shot Misses the Net.
12:29 of 3rd period - Puck is out of play.
12:30 of 3rd period - Pavel Zacha wins face-off versus Kyle Turris in Flames zone.
12:53 of 3rd period - Slapshot by Andrej Sustr.
12:53 of 3rd period - Shot Hit the Post.
13:24 of 3rd period - Alexander Wennberg is hit by Anders Lee and loses puck.
13:27 of 3rd period - Penalty to Brad Richardson is over, Brad Richardson is back on ice.
13:59 of 3rd period - Jamie Benn is hit by Nick Bjugstad and loses puck.
15:17 of 3rd period - Evander Kane is hit by Jeff Carter and loses puck.
15:34 of 3rd period - Jared Spurgeon is hit by Jeff Carter and loses puck.
16:03 of 3rd period - Slapshot by Jamie Benn.
16:03 of 3rd period - Stopped by Carey Price without a rebound.
16:04 of 3rd period - Ryan O'Reilly wins face-off versus Brad Richardson in Flames zone.
16:15 of 3rd period - Slapshot by Patrick Sharp.
16:15 of 3rd period - Stopped by Roberto Luongo without a rebound.
16:16 of 3rd period - Patrik Berglund wins face-off versus Jeff Carter in Nordiques zone.
17:35 of 3rd period - Wrist shot by Sam Reinhart.
17:35 of 3rd period - Stopped by Roberto Luongo without a rebound.
17:36 of 3rd period - Patrik Berglund wins face-off versus Jeff Carter in Nordiques zone.
17:40 of 3rd period - Off-side.
17:41 of 3rd period - Jaromir Jagr wins face-off versus Jeff Carter in neutral zone.
18:02 of 3rd period - Minor Penalty to Jaromir Jagr for Tripping.
18:03 of 3rd period - Luke Glendening wins face-off versus Jeff Carter in Nordiques zone.
19:14 of 3rd period - Luke Glendening is hit by Andrej Sustr and loses puck.
Goals for this period are 1 for Nordiques vs 0 for Flames.
Shots for this period are 12 for Nordiques vs 16 for Flames.

Overtime #1


0:01 of 1st overtime period - Ryan O'Reilly wins face-off versus Jeff Carter in neutral zone.
0:02 of 1st overtime period - Penalty to Jaromir Jagr is over, Jaromir Jagr is back on ice.
2:59 of 1st overtime period - Icing by Michael Frolik.
3:00 of 1st overtime period - Patrik Berglund wins face-off versus Sam Reinhart in Flames zone.
3:09 of 1st overtime period - Slapshot by Jared Spurgeon.
3:09 of 1st overtime period - Stopped by Carey Price with a rebound.
3:30 of 1st overtime period - Snap shot by Jeff Carter.
3:30 of 1st overtime period - Stopped by Roberto Luongo with a rebound.
3:48 of 1st overtime period - Alexander Wennberg is hit by Sam Reinhart and loses puck.
3:54 of 1st overtime period - Off-side.
3:55 of 1st overtime period - Jeff Carter wins face-off versus Ryan O'Reilly in neutral zone.
3:58 of 1st overtime period - Wrist shot by Drew Doughty.
3:58 of 1st overtime period - Shot Misses the Net.
4:34 of 1st overtime period - Slapshot by Drew Doughty.
4:34 of 1st overtime period - Shot Misses the Net.
Goals for this period are 0 for Nordiques vs 0 for Flames.
Shots for this period are 1 for Nordiques vs 1 for Flames.

ShootOut


5:00 of 1st overtime period - Penalty Shot by Patrik Berglund for Nordiques.
5:00 of 1st overtime period - Deke by Patrik Berglund.
5:00 of 1st overtime period - Stopped by Carey Price.
5:00 of 1st overtime period - Penalty Shot by Nick Bjugstad for Flames.
5:00 of 1st overtime period - Snap shot by Nick Bjugstad.
5:00 of 1st overtime period - Stopped by Roberto Luongo.
5:00 of 1st overtime period - Penalty Shot by Kyle Turris for Nordiques.
5:00 of 1st overtime period - Wrist shot by Kyle Turris.
5:00 of 1st overtime period - Shot Misses the Net.
5:00 of 1st overtime period - Penalty Shot by Sam Reinhart for Flames.
5:00 of 1st overtime period - Snap shot by Sam Reinhart.
5:00 of 1st overtime period - Goal by Sam Reinhart.
5:00 of 1st overtime period - Penalty Shot by Sebastian Aho for Nordiques.
5:00 of 1st overtime period - Wrist shot by Sebastian Aho.
5:00 of 1st overtime period - Shot Misses the Net.